 Dungeon Crawl Stone Soup version 0.31.0-9-g3a7656b989 (webtiles) character file.

Game seed: 9260230718581051053

16500 sarangor the Protected (level 12, -2/106 HPs)
             Began as a Minotaur Berserker on Feb 3, 2024.
             Was a High Priest of Trog.
             Slain by a death yak (22 damage)
             ... in a Gauntlet on Feb 4, 2024.
             The game lasted 01:08:26 (11163 turns).

sarangor the Protected (Minotaur Berserker)        Turns: 11163, Time: 01:08:27

Health: -2/106     AC: 19    Str: 26    XL:     12   Next: 10%
Magic:  11/11      EV: 16    Int:  7    God:    Trog [*****.]
Gold:   516        SH:  5    Dex: 13    Spells: 10/11 levels left

rFire   + . .        r - +4 trident (drain)
rCold   + + .        p - +0 buckler
rNeg    + . .        D - +2 chain mail of Puckish Liberty {rC+ rCorr}
rPois   .            (helmet restricted)
rElec   +            (no cloak)
rCorr   +            M - +0 pair of gloves
SInv    .            S - +1 pair of boots of an ossuary {Harm rN+}
Will    ++...        C - amulet "Hetu" {RegenMP rElec rF+ rC+ Int+3} Stlth
                     o - +4 ring of slaying
HPRegen 1.37/turn    e - +5 ring of evasion
MPRegen 0.52/turn

%: no teleportation, harm (+30% outgoing, +20% incoming)
@: strong-willed, regenerating
A: horns 2, retaliatory headbutt, thin skeletal structure 1, shaggy fur 1
a: Renounce Religion, Berserk, Trog's Hand, Brothers in Arms


You were in a Gauntlet.
You worshipped Trog.
Trog was extremely pleased with you.
You visited 3 branches of the dungeon, and saw 12 of its levels.
You also visited: Gauntlet.

You collected 516 gold pieces.

Inventory:

Hand Weapons
 r - a +4 trident of draining (weapon)
 u - a +2 vampiric spear
 v - a +1 demon whip of venom
 z - a +2 mace of draining
 H - a +3 flail
 N - a +2 vampiric short sword
 U - the +9 orcbow "Ycomiu" {drain, rC- Str+8 Int-2 Stlth+}
   (You found it on level 6 of the Dungeon)

   Str+8:     It affects your strength (+8).
   Int-2:     It affects your intelligence (-2).
   rC-:       It makes you vulnerable to cold.
   Stlth+:    It makes you more stealthy.
 X - a +3 whip
 Z - a +3 flail
Missiles
 g - 27 poisoned darts (quivered)
 m - 102 stones
 R - 2 throwing nets
Armour
 j - a +0 chain mail
 p - a +0 buckler (worn)
 s - a +0 chain mail
 t - an orb of guile
 A - a +0 scale mail
 D - the +2 chain mail of Puckish Liberty (worn) {rC+ rCorr}
   (You found it on level 8 of the Dungeon)

   rC+:       It protects you from cold.
   rCorr:     It protects you from acid and corrosion.
 M - a +0 pair of gloves (worn)
 S - the +1 pair of boots of an ossuary (worn) {Harm rN+}
   (You found it on level 6 of the Dungeon)

   rN+:       It protects you from negative energy.
   Harm:      It increases damage dealt and taken.
 T - a +0 chain mail
Magical Staves
 Q - a staff of air
Jewellery
 e - a +5 ring of evasion (right hand)
 o - a +4 ring of slaying (left hand)
 w - a +6 ring of intelligence
 C - the amulet "Hetu" (around neck) {RegenMP rElec rF+ rC+ Int+3}
   (You found it on level 1 of the Lair of Beasts)

   [amulet of magic regeneration]

   RegenMP:   It increases your rate of magic regeneration.
   Int+3:     It affects your intelligence (+3).
   rF+:       It protects you from fire.
   rC+:       It protects you from cold.
   rElec:     It insulates you from electricity.
Talismans
 F - a granite talisman
 L - a beast talisman
Wands
 l - a wand of iceblast (16)
 B - a wand of charming (6)
 O - a wand of quicksilver (4)
 V - a wand of mindburst (13)
 Y - a wand of flame (32)
Scrolls
 a - 3 scrolls of revelation {unknown}
 b - a scroll of fear {unknown}
 c - 6 scrolls of identify
 d - a scroll of silence {unknown}
 h - a scroll of enchant weapon {unknown}
 i - a scroll of fog {unknown}
 k - 3 scrolls of teleportation
 q - 3 scrolls of poison {unknown}
 x - a scroll of immolation {unknown}
 y - 3 scrolls of noise {unknown}
 G - a scroll of amnesia {unknown}
 J - 2 scrolls of vulnerability {unknown}
 W - 2 scrolls of enchant armour {unknown}
Potions
 f - a potion of haste
 n - a potion of resistance
 E - a potion of might
 I - a potion of curing
 K - 4 potions of enlightenment
 P - 3 potions of magic


   Skills:
 + Level 9.8 Fighting
 + Level 6.8(11.6) Axes
 + Level 8.3(9.4) Maces & Flails
 + Level 12.1(12.8) Polearms
 + Level 12.1 Armour
 + Level 6.6 Dodging
 + Level 2.2 Stealth
 + Level 6.2 Shields


You had 10 spell levels left.
You knew the following spells:

 Your Spells              Type           Power      Damage    Failure   Level
a - Summon Small Mammal   Summ           0%         N/A       88%         1

Your spell library contained the following spells:

 Spells                   Type           Power      Damage    Failure   Level
 Apportation              Tloc           0%         N/A       88%         1
 Freeze                   Ice            0%         1d3       88%         1
 Magic Dart               Conj           0%         1d3       88%         1
 Necrotise                Necr           0%         1d4       88%         1
 Sting                    Conj/Alch      0%         1d3       88%         1
 Blink                    Tloc           0%         N/A       96%         2
 Call Imp                 Summ           0%         N/A       96%         2
 Static Discharge         Conj/Air       0%         3-3/arc   96%         2
 Call Canine Familiar     Summ           0%         N/A       99%         3
 Frozen Ramparts          Ice            0%         1d1       99%         3
 Hailstorm                Conj/Ice       0%         3d5       99%         3
 Ozocubu's Armour         Ice            0%         N/A       99%         3
 Volatile Blastmotes      Fire/Tloc      0%         2d10      99%         3
 Airstrike                Air            0%         2d(0-16)  100%        4
 Fulminant Prism          Conj/Alch      0%         3d5       100%        4
 Iskenderun's Mystic Bla  Conj/Tloc      0%         2d3       100%        4
 Summon Blazeheart Golem  Fire/Summ      0%         N/A       100%        4
 Summon Lightning Spire   Summ/Air       0%         N/A       100%        4
 Metabolic Englaciation   Hex/Ice        0%         N/A       100%        5
 Sculpt Simulacrum        Ice/Alch       0%         N/A       100%        6


Dungeon Overview and Level Annotations

Branches:
Dungeon (9/15)             Temple (1/1) D:5            Lair (2/5) D:8
Gauntlet (1/1)
  Swamp: Lair:2-3    Shoals: Lair:2-3     Snake: Lair:2-3    Spider: Lair:2-3
    Orc: D:9-12

Altars:
Ashenzari
Cheibriados
Dithmenos
Elyvilon
Fedhas
Gozag
Hepliaklqana
Kikubaaqudgha
Makhleb
Nemelex Xobeh
Qazlal
Ru
Sif Muna
Trog
Uskayaw
Vehumet
Wu Jian
Xom
Yredelemnul
Zin
The Shining One

Shops:
D:5 =

Annotations:
D:7 Dowan, Duvessa
D:8 2 transporters
Lair:1 exclusion: oklob plant Gauntlet 8 transporters


Innate Abilities, Weirdness & Mutations

You have a pair of horns on your head.
You reflexively headbutt those who attack you in melee.
You have a somewhat thin skeletal structure. (Dex +2, Stealth+)
You are covered in fur. (AC +1)


Message History

You completely miss the death yak. Your headbutt misses the death yak.
The death yak is heavily wounded.
The death yak gores you.
* * * LOW HITPOINT WARNING * * *
You puncture the death yak!
You headbutt the death yak, but do no damage.
The death yak is severely wounded.
The death yak gores you but does no damage. x2
The death yak misses you. You furiously retaliate!
You headbutt the death yak! The death yak gores you.
* * * LOW HITPOINT WARNING * * *
The death yak gores you but does no damage.
Your skin crawls.
You feel strong-willed.
The death yak closely misses you. x2; You furiously retaliate!
You headbutt the death yak!
The death yak gores you but does no damage.
You puncture the death yak!
You kill the death yak!
Trog accepts your kill. You block the death yak's attack.
The death yak barely misses you.
You hit the death yak.
The death yak is moderately wounded.
The death yak misses you.
You completely miss the death yak.
The death yak is moderately wounded.
The death yak gores you but does no damage.
You puncture the death yak!
The death yak is heavily wounded.
The death yak gores you but does no damage.
The death yak closely misses you.
You hit the death yak.
The death yak is heavily wounded.
The death yak gores you!
* * * LOW HITPOINT WARNING * * *
You puncture the death yak!
The death yak is heavily wounded.
The death yak closely misses you.
You feel better. The death yak gores you!!
You die...

#..#...###...#...#.###©
###..#...©#.##.#...#.#...
#8#..#...#....##...#...##
###..#...#x....#...#.###.
#..#.x#xXx...#...#.....
###..###########..§######
#8#.....#.©.#....≈....#.©
###...8.#Y..#...≈8§...#..
#.....#Y@†#....≈....#.©
###..###########...######
#8#..#..$YYw=..#...#hbbh©
###..#.P.......#...#h#b#.
#..#..#...#..#...#h.#.#
###..#.........#...#.#.#.
#8#..#....©....#...#..#.©
###..#.........#...#.#.#
#..#..#...#..#...#..#.


You could see 4 death yaks, a torpor snail, a thrashing horror and 4 small
abominations.

Vanquished Creatures
  2 hydras (Lair:1)
  A death yak (Gauntlet)
  Amaemon (D:8)
  Pikel (D:7)
  A worldbinder (Gauntlet)
  A black mamba (Lair:2)
  An elephant (D:8)
  An orange demon (D:8)
  4 cane toads (Lair:1)
  Jeremiah (D:7)
  Maggie (Lair:1)
  A rime drake (Lair:2)
  3 komodo dragons
  A troll (D:9)
  3 blink frogs
  2 polar bears
  13 yaks
  4 basilisks
  2 steam dragons (D:9)
  An acid dragon (D:6)
  8 water moccasins
  A sky beast (D:5)
  An orc warrior (D:9)
  2 boggarts (Gauntlet)
  4 black bears
  4 ogres
  3 centaurs
  17 wolves
  4 lemures (D:7)
  2 phantoms
  10 bullfrogs
  3 kobold brigands
  2 gnoll sergeants
  A scorpion (D:5)
  12 wights
  3 howler monkeys (D:8)
  5 hounds
  3 bombardier beetles
  3 jellies
  3 orc priests
  2 iguanas
  A sleepcap (D:5)
  4 orc wizards
  14 gnolls
  9 adders
  5 white imps
  2 ufetubi (D:6)
  3 dart slugs
  2 ribbon worms (D:2)
  20 orcs
  An endoplasm (D:1)
  2 giant cockroaches
  8 goblins
  5 hobgoblins
  7 jackals (D:4)
  A quokka (D:5)
  7 ball pythons
  4 bats
  4 frilled lizards (D:3)
  17 kobolds
  5 rats
259 creatures vanquished.

Notes
Turn   | Place    | Note
-------+----------+-------------------------------------------
     0 | D:1      | sarangor the Minotaur Berserker began the quest for the
                  | Orb.
     0 | D:1      | Reached XP level 1. HP: 19/19 MP: 0/0
   373 | D:1      | Reached XP level 2. HP: 9/27 MP: 1/1
   635 | D:1      | Found a faded altar of an unknown god.
  1447 | D:2      | Reached XP level 3. HP: 33/34 MP: 2/2
  2120 | D:3      | Reached XP level 4. HP: 37/41 MP: 3/3
  2205 | D:3      | Reached ** piety under Trog
  2360 | D:3      | Found an ornate altar of the Wu Jian Council.
  2398 | D:3      | Reached skill level 5 in Axes
  2478 | D:3      | Reached XP level 5. HP: 37/47 MP: 4/4
  2527 | D:3      | Found a glowing drain.
  2980 | D:4      | You fall into a shaft and drop 3 floors!
  2988 | D:7      | Found a hide-covered altar of Uskayaw.
  3029 | D:7      | Noticed a phantom
  3048 | D:7      | Reached XP level 6. HP: 39/53 MP: 5/5
  3132 | D:7      | Noticed Dowan
  3132 | D:7      | Noticed an acid dragon
  3133 | D:7      | Noticed Duvessa
  3140 | D:6      | Found a stormy altar of Qazlal.
  3146 | D:6      | Reached skill level 5 in Fighting
  3146 | D:6      | Reached skill level 5 in Armour
  3148 | D:6      | Killed an acid dragon
  3149 | D:6      | Reached skill level 1 in Maces & Flails
  3149 | D:6      | Reached XP level 7. HP: 33/61 MP: 6/6
  3155 | D:6      | Reached skill level 1 in Shields
  3284 | D:6      | Reached skill level 1 in Stealth
  3486 | D:6      | Identified the +1 pair of boots of an ossuary {Harm rN+}
  3547 | D:6      | Reached XP level 8. HP: 66/70 MP: 7/7
  3795 | D:6      | Identified the +9 orcbow "Ycomiu" {drain, rC- Str+8 Int-2
                  | Stlth+}
  3833 | D:6      | Found an opulent altar of Gozag.
  3876 | D:6      | Reached *** piety under Trog
  4060 | D:5      | Entered Level 5 of the Dungeon
  4229 | D:5      | Reached skill level 5 in Maces & Flails
  4280 | D:5      | Found a staircase to the Ecumenical Temple.
  4310 | Temple   | Entered the Ecumenical Temple
  4618 | D:5      | Found Oniloj's Jewellery Shoppe.
  4680 | D:5      | Found a snail-covered altar of Cheibriados.
  5822 | D:7      | Found a hazy altar of Hepliaklqana.
  5920 | D:7      | Noticed Jeremiah
  6218 | D:7      | Killed Jeremiah
  6219 | D:7      | Reached XP level 9. HP: 42/75 MP: 8/8
  6637 | D:7      | Noticed Pikel
  6644 | D:7      | Killed Pikel
  6760 | D:7      | Was placed under penance by Trog
  6762 | D:7      | Learned a level 1 spell: Summon Small Mammal
  6908 | D:8      | Noticed an orange demon
  6923 | D:8      | Killed an orange demon
  6924 | D:8      | Reached skill level 5 in Dodging
  6930 | D:8      | Noticed Amaemon
  6939 | D:8      | Killed Amaemon
  6940 | D:8      | Reached skill level 5 in Polearms
  7046 | D:8      | Reached XP level 10. HP: 43/86 MP: 9/9
  7374 | D:8      | Found a transporter.
  7399 | D:8      | Identified the +2 chain mail of Puckish Liberty {rC+ rCorr}
  7404 | D:8      | Noticed an elephant
  7414 | D:8      | Killed an elephant
  7520 | D:8      | Found a transporter.
  7555 | D:8      | Found a staircase to the Lair.
  7609 | D:8      | Was forgiven by Trog
  7819 | D:8      | Found a radiant altar of Vehumet.
  8352 | D:9      | Reached skill level 10 in Armour
  8468 | D:9      | Reached **** piety under Trog
  8521 | D:9      | Gained mutation: You have a somewhat thin skeletal
                  | structure. (Dex +2, Stealth+) [potion of mutation]
  8521 | D:9      | Gained mutation: You are covered in fur. (AC +1) [potion of
                  | mutation]
  9339 | Lair:1   | Entered Level 1 of the Lair of Beasts
  9346 | Lair:1   | Noticed a four-headed hydra
  9358 | Lair:1   | Reached XP level 11. HP: 62/95 MP: 10/10
  9626 | Lair:1   | Killed a four-headed hydra
  9627 | Lair:1   | Reached skill level 10 in Polearms
  9635 | Lair:1   | Found the +1 robe of Vines {NoPotionHeal Regen++++}
  9636 | Lair:1   | Noticed an oklob plant
  9758 | Lair:1   | Reached skill level 5 in Shields
  9902 | Lair:1   | Noticed an eight-headed hydra
  9912 | Lair:1   | Identified the amulet "Hetu" {RegenMP rElec rF+ rC+ Int+3}
  9913 | Lair:1   | Noticed Maggie
  9919 | Lair:1   | Killed an eight-headed hydra
  9919 | Lair:1   | Reached ***** piety under Trog
  9940 | Lair:1   | Killed Maggie
 10874 | Lair:2   | Found a gate leading to a gauntlet.
 10903 | Lair:2   | Reached XP level 12. HP: 106/106 MP: 11/11
 10989 | Gauntlet | Entered a Gauntlet
 10989 | Gauntlet | Found a transporter.
 10989 | Gauntlet | Found a transporter.
 10989 | Gauntlet | Found a transporter.
 10992 | Gauntlet | Found a transporter.
 10995 | Gauntlet | Found a transporter.
 10995 | Gauntlet | Found a transporter.
 11001 | Gauntlet | Noticed a death yak
 11003 | Gauntlet | Noticed a death yak
 11003 | Gauntlet | Noticed a death yak
 11003 | Gauntlet | Noticed a death yak
 11004 | Gauntlet | Noticed a hell hog
 11004 | Gauntlet | Noticed a death yak
 11008 | Gauntlet | Found a transporter.
 11012 | Gauntlet | Found a transporter.
 11020 | Gauntlet | Found a transporter.
 11020 | Gauntlet | Found a transporter.
 11020 | Gauntlet | Noticed a catoblepas
 11023 | Gauntlet | Found a transporter.
 11027 | Gauntlet | Found a transporter.
 11102 | Gauntlet | Noticed a green very ugly thing
 11110 | Gauntlet | Noticed an ironbound thunderhulk
 11110 | Gauntlet | Noticed a purple very ugly thing
 11110 | Gauntlet | Noticed an ironbound thunderhulk
 11157 | Gauntlet | Killed a death yak
 11163 | Gauntlet | Slain by a death yak

Illustrated notes

Levels and vault maps discovered:
D:1:      wander_arrival_lonely_grave, layout_loops_corners,
          shapermc_ecumenical_altar_acropolis
D:2:      layout_loops_corners, kennysheep_generic_room_4
D:3:      layout_basic, mainiacjoe_overflow_brackets,
          mainiacjoe_sewer_entry_somewhere_in_here_2, kennysheep_generic_room_14
D:4:      layout_layer_cave
D:5:      layout_loops_ring, chei_slow_surprise,
          minmay_temple_entry_stoned_glass, serial_shops, shop,
          grunt_decor_mini_mirrors, st_stairs_8
D:6:      layout_basic, mainiacjoe_overflow_surrounded_room,
          mainiacjoe_overflow_tiny_flanked
D:7:      layout_rooms, mainiacjoe_overflow_concentric_impassable,
          old_standard_altar, serial_glass, glass_columns_b, glass_columns_a,
          glass_columns_a, glass_columns_a, glass_columns_c, glass_columns_b,
          glass_columns_b, glass_columns_b, glass_columns_a, glass_columns_c,
          glass_columns_c, glass_columns_c, glass_columns_b, glass_columns_a,
          uniq_jeremiah, uniq_pikel, uniq_duvessa
D:8:      gammafunk_steamed_eel, layout_basic, kennysheep_mini_moat,
          david_lair_generic, uniq_amaemon
D:9:      layout_loops_corners
Temple:   eino_temple_lava
Lair:1:   layout_misc_corridors, st_stairs_8, hellmonk_guarded_unrand_vines,
          uniq_maggie
Lair:2:   layout_layer_cave, gauntlet_entry_generic, grunt_megastairs_4
Gauntlet: gammafunk_gauntlet_hard_choice [gammafunk_gauntlet_arena_corners,
          nicolae_gauntlet_arena_blocks, gammafunk_gauntlet_arena_hedges,
          gammafunk_gauntlet_arena_grid, nicolae_gauntlet_swirl,
          nicolae_gauntlet_arena_grate_2, gauntlet_exit_hidden_loot]

Skill      XL: |  1  2  3  4  5  6  7  8  9 10 11 12 |
---------------+-------------------------------------+-----
Axes           | 4 5 6 |  6.8
Fighting       | 4 5 6 7 8 9 |  9.8
Armour         | 3 4 5 6 7 9 10 11 12 | 12.1
Dodging        | 3 4 5 6 |  6.6
Maces & Flails | 1 2 7 8 |  8.3
Shields        | 1 2 3 4 6 |  6.2
Stealth        | 1 2 |  2.2
Polearms       | 5 9 11 12 | 12.1

Action                     |  1- 3 |  4- 6 |  7- 9 | 10-12 || total
---------------------------+-------+-------+-------+-------++-------
  Melee: Hand axe          |    64 |    44 |       |       ||   108
         Headbutt          |    10 |     8 |    24 |    77 ||   119
         Flail             |       |    19 |   125 |       ||   144
         Trident           |       |       |    54 |   315 ||   369
 Invoke: Berserk           |     1 |       |     1 |     1 ||     3
         Trog's Hand       |       |     1 |     1 |     1 ||     3
    Use: Scroll            |       |       |     2 |     3 ||     5
         Potion            |       |       |       |     8 ||     8
 Armour: Animal skin       |    12 |       |       |       ||    12
         Ring mail         |    16 |    42 |    22 |       ||    80
         Chain mail        |       |       |   111 |   226 ||   337
         Skin              |       |       |       |     9 ||     9
  Dodge: Dodged            |    35 |    44 |   101 |   259 ||   439
  Block: Buckler           |     4 |     8 |    36 |    99 ||   147
